 Dungeon Crawl Stone Soup version 0.28.0-53-g5a82cb258f (webtiles) character file.

Game seed: 6035559524342671702

1249 enile the Nimble (level 8, -1/36 (44) HPs)
             Began as a Felid Transmuter on May 22, 2022.
             Was a Follower of Ru.
             Slain by a wight
             ... wielding a +9 trident
              (15 damage)
             ... on level 6 of the Dungeon.
             The game lasted 00:29:20 (14416 turns).

enile the Nimble (Felid Transmuter)                Turns: 14416, Time: 00:29:21

HP:   -1/36 (44)    AC:  6    Str:  8    XL:     8   Next: 26%
MP:   11/15         EV: 14    Int: 17    God:    Ru [*.....]
Gold: 386           SH:  0    Dex: 16    Spells: 3/15 levels left
                                        Lives: 0   Deaths: 2

rFire   x . .      SeeInvis +     - Unarmed
rCold   + + +      Faith    .   (shield unavailable)
rNeg    . . .      Spirit   .   (armour unavailable)
rPois   +          Reflect  .   (helmet unavailable)
rElec   .          Harm     .   (cloak unavailable)
rCorr   .          Rampage  .   (gloves unavailable)
Will    +....                   (boots unavailable)
Stlth   +++.......              (no amulet)
HPRegen 0.12/turn               (no ring)
MPRegen 0.14/turn               (no ring)

@: ice-form, heavily drained
A: freezing attack, amphibious, boosted hp, large, (claws 1), (fangs 3), see
invisible, (speed 1), (shaggy fur 2), cowardly, (stealthy paws), no weapons or
thrown items, no armour, multi-lived
a: End Transformation, Renounce Religion


You were on level 6 of the Dungeon.
You worshipped Ru.
Ru was aware of your devotion.
You were a creature of crystalline ice.
You visited 2 branches of the dungeon, and saw 9 of its levels.
You also visited: Sewer.

You collected 402 gold pieces.
You donated 16 gold pieces to Zin.

Inventory:

Jewellery
 d - a ring of see invisible
Wands
 j - a wand of iceblast (4)
 o - a wand of acid (7)
 r - a wand of paralysis (4)
Scrolls
 a - a scroll of magic mapping
 b - a scroll of identify
 c - 2 scrolls of silence
 g - a scroll of vulnerability
 i - a scroll of fog
Potions
 e - a potion of brilliance
 l - a potion of lignification


   Skills:
 - Level 5.0 Fighting
 - Level 8.0 Dodging
 - Level 4.0 Stealth
 + Level 5.9 Unarmed Combat
 - Level 4.0 Spellcasting
 - Level 4.0 Hexes
 - Level 5.0 Transmutations
 - Level 2.0 Ice Magic
 - Level 3.0 Poison Magic


You had 3 spell levels left.
You knew the following spells:

 Your Spells              Type           Power      Damage    Failure   Level
a - Beastly Appendage     Tmut           40%        N/A       1%          1
b - Ensorcelled Hibernat  Hex/Ice        26%        N/A       7%          2
c - Spider Form           Tmut/Pois      17%        N/A       9%          3
d - Static Discharge      Conj/Air       3%         N/A       24%         2
e - Ice Form              Ice/Tmut       15%        N/A       36%         4

Your spell library contained the following spells:

 Spells                   Type           Power      Damage    Failure   Level
 Wereblood                Tmut           20%        N/A       3%          2
 Sublimation of Blood     Necr           3%         N/A       24%         2
 Anguish                  Hex/Necr       5%         N/A       56%         4
 Lightning Bolt           Conj/Air       1%         1d12      99%         5
 Summon Hydra             Summ           1%         N/A       100%        7
 Maxwell's Capacitive Co  Air            1%         ∞         100%        8


Dungeon Overview and Level Annotations

Branches:
Dungeon (8/15)             Temple (1/1) D:5           Sewer (visited)
   Lair: D:8-11

Altars:
Ashenzari
Cheibriados
Dithmenos
Elyvilon
Hepliaklqana
Kikubaaqudgha
Makhleb
Nemelex Xobeh
Qazlal
Ru
Sif Muna
Uskayaw
Vehumet
Xom
Yredelemnul
Zin
The Shining One

Annotations:
D:4 1 runed translucent door, Grinder; Zeld's ghost, novice PaFi


Innate Abilities, Weirdness & Mutations

You are a creature of crystalline ice.
You have a powerful freezing melee attack.
You are amphibious.
Your maximum health is increased.
((You have sharp claws.))
((You have razor-sharp teeth.))
You have supernaturally acute eyesight. (SInv)
((You cover ground quickly. (Speed+)))
((You are covered in thick fur. (AC +2)))
Your cowardice makes you less effective in combat with threatening foes.
((Your paws help you pounce on unaware monsters.))
You are incapable of wielding weapons or throwing items.
You cannot wear armour.
You gain extra lives every three experience levels.


Message History

The wight hits you from afar with a +9 trident.
You feel drained.
There is a stone staircase leading up, spattered with blood here.
The wight misses you.
You climb upwards.
There is a stone staircase leading down here.
HP restored.
Done exploring.
(D) Dungeon (T) Temple
Where to? (Enter - D:5 @ (x,y), ? - help)
You climb downwards.
The wight misses you. The wight barely misses you.
There is a stone staircase leading up, spattered with blood here.
There are monsters nearby!
The wight completely misses you.
You climb upwards.
There is a stone staircase leading down here.
There is a stone staircase leading down here.
You climb downwards.
There is a stone staircase leading up here.
Key pressed, stopping explore.
e - a potion of brilliance You now have 386 gold pieces (gained 14).
Ru believes you are ready to make a new sacrifice.
Ru asks you to sacrifice your courage.
This is a significant sacrifice.
Piety after sacrifice: *.....
Do you really want to make this sacrifice?
You have lost your courage.
You now exude an aura of power that intimidates your foes.
A wight is nearby!
A wight is nearby!
A wight is nearby!
Casting: Ice Form (extremely dangerous; 36% risk of failure)
Confirm with . or Enter, or press ? or * to list all spells.
You turn into a creature of crystalline ice.
The wight hits you from afar with a +9 trident!
You feel drained. The wight misses you.
You hit the wight but do no damage. The wight hits you with a +9 trident!
You barely miss the wight. The wight hits you with a +9 trident!
You die...

.....................#
#
..######)#...........#
...z...............#.#
#..z.....######....###
.........## #....#
............. #....#
.........####
#....####.# .....y...#
#.z.......# .........#
#.Y#.##.### .........#
#..#.# .........#
#..#.# .........#
#..#.# #####.#.##
#..#.##### .. ....
#.#..#.....# ##### #.
##.#..#.###.# ....# #
# .......####.#
....#.#.#.#.
.......##.#


You could see a wight.

Vanquished Creatures
  Menkaure (D:5)
  2 water moccasins
  An ice beast (D:6)
  A black bear (D:5)
  A necrophage (D:7)
  An ogre (D:5)
  A sky beast (D:6)
  4 centaurs (D:7)
  A phantom (D:4)
  3 bullfrogs
  A gnoll sergeant (D:4)
  A scorpion (D:5)
  A water moccasin zombie (D:5)
  A wyvern skeleton (D:6)
  2 killer bees (D:6)
  2 wights (D:6)
  A centaur zombie (D:5)
  An orc priest (D:4)
  A jelly (D:5)
  2 centaur skeletons
  3 iguanas
  An orc wizard (D:7)
  2 hound zombies (D:3)
  A mummy (D:5)
  6 adders
  4 gnolls
  A shadow imp (D:6)
  A white imp (D:7)
  2 ufetubi
  An adder skeleton (D:4)
  5 worms
  3 dart slugs
  12 orcs
  18 ball pythons
  4 bats (D:1)
  16 endoplasms
  14 giant cockroaches
  4 goblins
  8 hobgoblins
  5 jackals
  5 kobolds
  13 quokkas
  A ball python zombie (D:3)
  11 frilled lizards
  2 rats (D:1)
172 creatures vanquished.

Vanquished Creatures (collateral kills)
  A scorpion (D:5)
  A howler monkey skeleton (D:5)
2 creatures vanquished.

Vanquished Creatures (others)
  A quokka (D:4)
  A kobold (D:4)
  A fungus (D:1)
  2 plants
  5 withered plants (D:3)
10 creatures vanquished.

Grand Total: 184 creatures vanquished

Notes
Turn   | Place    | Note
-------+----------+-------------------------------------------
     0 | D:1      | enile the Felid Transmuter began the quest for the Orb.
     0 | D:1      | Reached XP level 1. HP: 9/9 MP: 4/4
    91 | D:1      | Reached XP level 2. HP: 12/12 MP: 4/6
   112 | D:1      | Reached skill level 3 in Dodging
   514 | D:1      | Learned a level 2 spell: Ensorcelled Hibernation
   787 | D:1      | Reached XP level 3. HP: 14/15 MP: 5/7
   942 | D:1      | Found a faded altar of an unknown god.
  1047 | D:1      | Prayed at the altar of an unknown god.
  1047 | D:1      | Became a worshipper of Zin the Law-Giver
  1047 | D:1      | Reached * piety under Zin
  1468 | D:2      | Reached ** piety under Zin
  1612 | D:2      | Reached skill level 1 in Hexes
  2218 | D:2      | Reached XP level 4. HP: 8/19 MP: 3/8
  2581 | D:3      | Found an ancient bone altar of Kikubaaqudgha.
  2922 | D:3      | Found a basalt altar of Yredelemnul.
  3370 | D:4      | Reached skill level 1 in Ice Magic
  3427 | D:4      | Reached *** piety under Zin
  3480 | D:4      | Found a runed translucent door.
  3483 | D:4      | Noticed Zeld's ghost (novice PaFi)
  3484 | D:4      | Noticed Grinder
  3485 | D:4      | Paralysed by Grinder for 7 turns
  3498 | D:4      | Paralysed by Grinder for 7 turns
  3638 | D:4      | Noticed a gnoll sergeant
  4321 | D:3      | Slain by a gnoll
  4322 | D:3      | Reached XP level 3. HP: -1/15 MP: 4/7
  4461 | D:4      | Found a white marble altar of Elyvilon.
  4498 | D:4      | Fell from the grace of Zin
  4498 | D:4      | Became a worshipper of Elyvilon the Healer
  4498 | D:4      | Reached * piety under Elyvilon
  4770 | D:3      | Learned a level 3 spell: Spider Form
  4847 | D:4      | Reached XP level 4. HP: 18/19 MP: 6/8
  4891 | D:5      | Entered Level 5 of the Dungeon
  4891 | D:5      | Noticed a scorpion
  4900 | D:5      | Found a glowing drain.
  4905 | D:5      | Killed a scorpion
  4906 | D:5      | Reached skill level 1 in Poison Magic
  4909 | D:5      | Reached XP level 5. HP: 22/22 MP: 2/9
  4935 | D:5      | HP: 1/22 [iguana (7)]
  4990 | Sewer    | Entered a sewer
  6910 | Sewer    | Gained mutation: You are covered in thick fur. (AC +2)
                  | [Felid growth]
  6910 | Sewer    | Reached XP level 6. HP: 24/27 MP: 6/10
  6992 | Sewer    | Identified the +8 quarterstaff of the Curious Mystics
                  | {vorpal, *Rage rElec Int+2}
  7073 | D:5      | Noticed Menkaure
  7108 | D:5      | Reached skill level 4 in Dodging
  7117 | D:6      | Noticed a water moccasin
  7139 | D:7      | Reached ** piety under Elyvilon
  7370 | D:7      | Reached skill level 5 in Dodging
  7587 | D:7      | Reached XP level 7. HP: 25/31 MP: 11/11
  7713 | D:7      | Found a glowing silver altar of Zin.
  7761 | D:7      | Reached skill level 6 in Dodging
  8690 | D:7      | Reached skill level 5 in Unarmed Combat
  9646 | D:7      | Reached XP level 8. HP: 5/34 MP: 13/15
 10212 | D:5      | Reached skill level 7 in Dodging
 10267 | D:5      | Found a staircase to the Ecumenical Temple.
 10339 | Temple   | Entered the Ecumenical Temple
 10579 | Temple   | Fell from the grace of Elyvilon
 10579 | Temple   | Became a worshipper of Ru the Awakened
 11754 | D:4      | Reached skill level 8 in Dodging
 11900 | D:5      | Killed Menkaure
 12176 | D:5      | Learned a level 2 spell: Static Discharge
 12684 | D:5      | Found a hazy altar of Hepliaklqana.
 12929 | D:6      | Reached skill level 5 in Fighting
 12934 | D:6      | Learned a level 4 spell: Ice Form
 13139 | D:6      | Found a broken altar of Ashenzari.
 13145 | D:6      | Reached XP level 9. HP: 40/40 MP: 11/16
 13188 | D:6      | Reached skill level 5 in Transmutations
 13227 | D:6      | HP: 3/60 [killer bee (1)]
 13227 | D:6      | Slain by a killer bee
 13228 | D:6      | Reached XP level 8. HP: 0/55 MP: 15/15
 14353 | D:6      | Gained mutation: Your cowardice makes you less effective in
                  | combat with threatening foes. [Ru sacrifice]
 14353 | D:6      | Reached * piety under Ru
 14416 | D:6      | Slain by a wight

Illustrated notes

Levels and vault maps discovered:
D:1:      ebering_hopf_link, layout_rooms, shapermc_ecumenical_altar_ellora,
          chequers_serial_rivers_marsh
D:2:      layout_loops_corners
D:3:      layout_loops_ring, nicolae_yredelemnul_corpse_copse,
          kiku_gazebo_garden_becter
D:4:      layout_basic, elyvilon_altar_4, hellmonk_ghost_happy_afterlife,
          uniq_grinder
D:5:      layout_rooms, nicolae_hepliaklqana_hippocampus, temple_hall,
          cheibrodos_sewer_entry_drain, serial_bayou, serial_bayou_lake_a,
          serial_bayou_pond_c, serial_bayou_pond_d, serial_bayou_crossing,
          gup_ossuary_entry_pyramid, uniq_menkaure
D:6:      layout_basic, ashenzari_conservatory_becter
D:7:      layout_loops_ring, mainiacjoe_overflow_24_doors
D:8:      layout_basic, grunt_temple_overflow_diamond
Temple:   minmay_temple_curvy_loop

Skill      XL: |  1  2  3  4  5  6  7  8  9 |
---------------+----------------------------+-----
Dodging        | 3 5 6 8 |  8.0
Transmutations | 3 4 5 |  5.0
Hexes          | 2 4 |  4.0
Ice Magic      | 1 2 |  2.0
Poison Magic   | 2 3 |  3.0
Fighting       | 2 3 5 |  5.0
Unarmed Combat | 5 |  5.9
Spellcasting   | 4 |  4.0
Stealth        | 4 |  4.0

Action                   |  1- 3 |  4- 6 |  7- 9 || total
-------------------------+-------+-------+-------++-------
Melee: Unarmed           |   146 |   251 |   217 ||   614
       Bite              |    15 |    14 |    18 ||    47
       Headbutt          |    15 |     9 |    41 ||    65
       Punch             |     1 |     4 |     4 ||     9
 Cast: Beastly Appendage |    16 |    11 |    25 ||    52
       Ensorcelled Hiber |     9 |    34 |    31 ||    74
       Spider Form       |       |    13 |     3 ||    16
       Ice Form          |       |       |     7 ||     7
       Static Discharge  |       |       |     1 ||     1
Invok: Recite            |       |     2 |       ||     2
       Imprison          |       |     1 |       ||     1
       Purification      |       |     2 |       ||     2
       Sacrifice Courage |       |       |     1 ||     1
  Use: Scroll            |     2 |     8 |     9 ||    19
       Potion            |       |     3 |     6 ||     9
 Stab: Sleeping          |     8 |    23 |    10 ||    41
Armor: Skin              |     7 |    17 |    56 ||    80
Dodge: Dodged            |    98 |   268 |   269 ||   635
